AoeStats
← Capybara-Master

Scandinavia

510451845Analyzed
1v1 RM · 10h ago on Oct 1, 2026· 48m 14s· 2 players
Game mode
Random Map
Map size
Tiny (2 player)
Population
200
Speed
Normal
Resources
Standard
Victory
Conquest
Starting age
Dark Age
Ending age
Imperial Age
RankedLock teamsTeams togetherTeam positionsShared explorationLock speedFull tech treeHidden civsTurbo modeCheats
Victory
Defeat
🇧🇷 Japanese · Brazil
932
+16
🇲🇽 Magyars · Mexico
933
-16
Capybara-Master
11:26 Feudal Age
9:44 Loom
11:36 Man-at-Arms
13:50 Arson
19:25 Double-Bit Axe
19:21 Horse Collar
21:36 Fletching
22:45 Gold Mining
26:58 Castle Age
25:42 Forging
28:24 Gold Shaft Mining
27:18 Long Swordsman
27:44 Gambesons
28:07 Crossbowman
29:18 Heavy Plow
29:30 Bow Saw
30:42 Wheelbarrow
29:53 Town Watch
30:37 Squires
30:51 Bloodlines
30:42 Husbandry
32:38 Bodkin Arrow
33:19 Iron Casting
39:50 Imperial Age
39:57 Arbalester
42:28 Bracer
42:53 Pikeman
43:25 Light Cavalry
SunshinySole59
10:35 Feudal Age
10:05 Loom
13:18 Man-at-Arms
22:29 Castle Age
21:40 Bloodlines
21:39 Double-Bit Axe
24:13 Scale Mail Armor
27:39 Scale Barding Armor
30:12 Gold Mining
33:21 Corvinian Army
34:30 Bow Saw
41:04 Imperial Age
41:21 Light Cavalry
42:02 Husbandry
Connection lost

Rejoining the realm…

Still unreachable

The connection could not be restored.

Session expired

The server has moved on; the page needs a fresh start.